 Dungeon Crawl Stone Soup version 0.26-a0-438-g4b1dca4f87 (webtiles) character file.

Game seed: 6083703064200104826

73 ReteAZ the Poker (level 4, -2/33 HPs)
             Began as a Merfolk Gladiator on July 26, 2020.
             Killed from afar by Sigmund (8 damage)
             ... with a puff of flame
             ... on level 2 of the Dungeon.
             The game lasted 00:02:14 (1627 turns).

ReteAZ the Poker (Merfolk Gladiator)                Turns: 1627, Time: 00:02:15

Health: -2/33      AC:  4    Str: 14    XL:     4   Next: 27%
Magic:  0/4        EV: 14    Int:  7    God:
Gold:   81         SH:  0    Dex: 16    Spells: 3/3 levels left

rFire    . . .     SeeInvis .   a - +0 trident
rCold    . . .     Faith    .   (no shield)
rNeg     . . .     Spirit   +   b - +0 leather armour
rPois    .         Reflect  .   c - +0 helmet
rElec    .         Harm     .   (no cloak)
rCorr    .                      k - -1 pair of gloves (curse)
MR       .....                  (no boots)
Stlth    +.........             i - amulet of guardian spirit
HPRegen  0.11/turn              (no ring)
MPRegen  0.09/turn              (no ring)

@: no status effects
A: change form in water, swift swim, stealthy swim
a: no special abilities


You were on level 2 of the Dungeon.
You visited 1 branch of the dungeon, and saw 2 of its levels.

You collected 81 gold pieces.

Inventory:

Hand Weapons
 a - a +0 trident (weapon)
Missiles
 m - 11 poisoned darts (quivered)
Armour
 b - a +0 leather armour (worn)
 c - a +0 helmet (worn)
 k - a cursed -1 pair of gloves (worn)
Jewellery
 i - an amulet of guardian spirit (around neck)
 l - an uncursed ring of wizardry
Scrolls
 f - 2 scrolls of amnesia {unknown}
 n - 2 scrolls of remove curse {unknown}
 p - 2 scrolls of identify {unknown}
 q - a scroll of fog {unknown}
Potions
 e - a potion of brilliance {unknown}
 g - a potion of curing {unknown}
 h - a potion of heal wounds {unknown}
 j - a potion of haste {unknown}
 o - a potion of degeneration {unknown}


   Skills:
 - Level 2.1 Fighting
 + Level 7.2 Polearms
 - Level 2.0 Throwing
 - Level 4.0 Dodging


You had 3 spell levels left.
You didn't know any spells.
Your spell library was empty.

Dungeon Overview and Level Annotations

Branches:
Dungeon (2/15)

Altars:

Annotations:
D:2 Sigmund


Message History

Throwing (i - inventory)
m - 15 poisoned darts (quivered)
Press: ? - help, Shift-Dir - straight line You throw a poisoned dart.
Something barely misses you.
Throwing (i - inventory)
m - 14 poisoned darts (quivered)
Press: ? - help, Shift-Dir - straight line
Aim: Disturbance (black smoke)
You throw a poisoned dart.
Throwing (i - inventory)
m - 13 poisoned darts (quivered)
Press: ? - help, Shift-Dir - straight line
Aim: Disturbance (black smoke)
You throw a poisoned dart. Something hits you!
* * * LOW HITPOINT WARNING * * *
Throwing (i - inventory)
m - 12 poisoned darts (quivered)
Press: ? - help, Shift-Dir - straight line
Aim: Disturbance (black smoke)
You throw a poisoned dart.
You hear a zap.
A puff of flame appears from out of thin air!
The puff of flame hits you!
You die...

.PP..............(.........
.###............# #.#.....#
####.##.#...#.### #.......#
.....##....†..# #[#....÷##
#######.#.....# #........#####
§## #.#.§§§§#####........()(.##
..# #.##.§§§......##....####..#
..### #....§§§####........####§§§
≈...# #..§§§§§{.@#..##......#.§§§
≈.#.# ####8§P§##.#..####.##.#..§§
≈P#.#######..###.#..####......§§.
..#..@.>###.##...........####.###
###.###.##@........#.##### #....
###.# #........#.###.#### #####
....# ####..............# ###.#
#.######.##.##.# #.# #.#
#.##.##.#


There were no monsters in sight!

Vanquished Creatures
  An adder (D:2)
  An adder zombie (D:2)
  A worm (D:2)
  A dart slug (D:2)
  A leopard gecko (D:1)
  2 bat skeletons (D:2)
  2 bat zombies (D:2)
  A giant cockroach (D:1)
  9 goblins
  A hobgoblin (D:1)
  4 jackals
  A ball python skeleton (D:2)
  8 bats
  A frilled lizard (D:2)
  A giant cockroach zombie (D:2)
  A jackal zombie (D:2)
  8 kobolds
  2 leopard gecko zombies (D:1)
  A quokka skeleton (D:2)
  A quokka zombie (D:2)
  6 rats
54 creatures vanquished.

Notes
Turn   | Place    | Note
-------+----------+-------------------------------------------
     0 | D:1      | ReteAZ the Merfolk Gladiator began the quest for the Orb.
     0 | D:1      | Reached XP level 1. HP: 16/16 MP: 1/1
   138 | D:1      | Reached skill level 5 in Polearms
   222 | D:1      | Reached XP level 2. HP: 20/22 MP: 2/2
   600 | D:1      | Reached skill level 6 in Polearms
   600 | D:1      | Reached XP level 3. HP: 27/27 MP: 3/3
  1384 | D:2      | Reached skill level 7 in Polearms
  1384 | D:2      | Reached XP level 4. HP: 33/33 MP: 4/4
  1478 | D:2      | Noticed Sigmund
  1627 | D:2      | Killed from afar by Sigmund

Illustrated notes

Levels and vault maps discovered:
D:1:      saegor_arrival_fortress, layout_basic, chequers_jeans,
          serial_bayou_ford_a
D:2:      layout_loops_cross, grunt_temple_overflow_open, serial_undead,
          serial_undead_e, serial_undead_e, serial_undead_e, serial_undead_f,
          serial_undead_e, serial_undead_b, serial_undead_c, serial_undead_e,
          serial_undead_f, serial_undead_f, minmay_misc_feat_hallway,
          uniq_sigmund, uniq_terence

Skill      XL: |  1  2  3 |
---------------+----------+-----
Polearms       | 5 6 7 |  7.2
Fighting       | |  2.1
Throwing       | |  2.0
Dodging        | |  4.0

Action                   |  1- 3 |  4- 6 || total
-------------------------+-------+-------++-------
Melee: Trident           |   153 |    49 ||   202
Throw: Dart              |       |     4 ||     4
       Throwing net      |       |     3 ||     3
 Stab: Sleeping          |     2 |       ||     2
       Held in net/web   |       |     2 ||     2
Armor: Leather armour    |    42 |    16 ||    58
Dodge: Dodged            |   125 |    30 ||   155

Table legend: (Time is in decaauts)
 A = Elapsed time spent in this place.
 B = Non-inter-level travel time spent in this place.
 C = Inter-level travel time spent in this place.
 D = Time resting spent in this place.
 E = Time spent auto-exploring this place.
 F = Levels seen in this place.
 G = Mean time per level.
                   A        B        C        D        E       F      G
               +--------+--------+--------+--------+--------+-----+--------+
         Total |   1590 |   1510 |     80 |     78 |   1087 |   2 |  795.0 |
       Dungeon |   1590 |   1510 |     80 |     78 |   1087 |   2 |  795.0 |
               +--------+--------+--------+--------+--------+-----+--------+

Top non-repeatable levels by time:
     D:1: 1088 daAuts
     D:2: 501 daAuts
